cohdb
Replays
Latest Replays
All Replays
Popular Replays
Top Player Replays
Match Explorer
How It Works
Community
CoH3 Stats
Reddit
Sign in to upload your games and track your stats! →
Sign in with Steam
Match 43409903
Unlisted
Match 43409903
Overview
Messages
Build Orders
End
Royal Engineer Section
Construct Section Command Post
Selects Air and Sea Battlegroup
Infantry Section
Infantry Section
Construct Platoon Command Post
Humber Armored Car
Selects Commando Section Paradrop
Selects M1 Pack Howitzer Paradrop
6-pounder Anti-tank Gun Team
6-pounder Anti-tank Gun Team
Team Weapon Training
Vickers Machine Gun Team
M1 Pack Howitzer Paradrop
Selects Incendiary Bombing Run
Vickers Machine Gun Team
Construct Company Command Post
Commando Section Paradrop
Brick_man
狼少
Lorbaer
Bold Taste
[HAN]Diederick Kastner
Mutzelmen
ReverseAverage
空连梦
0
0
Comments
sign in to comment!
No comments posted yet!